cohdb
Replays
Latest Replays
All Replays
Popular Replays
Top Player Replays
Match Explorer
How It Works
Community
CoH3 Stats
Reddit
Sign in to upload your games and track your stats! →
Sign in with Steam
Match 41021945
Unlisted
Match 41021945
Overview
Messages
Build Orders
End
Pioneer Squad
Construct Infanterie Kompanie
Grenadier Squad
Grenadier Squad
GrW 34 Mortar Team
GrW 34 Mortar Team
Infanterie Officer Quarters
Selects Mechanized Battlegroup
Grenadier Squad
Construct Panzergrenadier Kompanie
Selects Raid Package
Pak 40 Anti-tank Gun Team
Pak 40 Anti-tank Gun Team
Selects StuG Assault Group
StuG Assault Group
Panzergrenadier Officer Quarters
StuG Assault Group
Selects Panther Heavy Tank
Selects Spotting Scopes
StuG Assault Group
Selects Wespe Self-propelled Artillery
Selects Zeroing Artillery Barrage
Medical Station
Zeroing Artillery Barrage
Wespe Self-propelled Artillery
Panther Heavy Tank
Pioneer Squad
^3
=LiG= Waffen
0
0
Comments
sign in to comment!
No comments posted yet!